3L
CHICAGO HAWKS @ CAPITAL DISTRICT RED KNIGHTS
05/17/2024
 
TOP OF THE 1ST
Chicago Hawks batting - Pitching for Capital District Red Knights : RHP Sexto Rodríguez
Pitching: RHP Sexto Rodríguez
Batting: RHB Ludwig Kluge 0-0: Called Strike
0-1: Ball
1-1: Fly out, F8 (Flyball, 89D)
Batting: SHB Evan Adams 0-0: Swinging Strike
0-1: Ball
1-1: Ground out 6-3 (Groundball, 6)
Batting: RHB Robbie Roach 0-0: Ball
1-0: Foul Ball, location: 2F
1-1: Ball
2-1: Ball
3-1: Ground out 5-3 (Groundball, 5S)
Top of the 1st over - 0 run(s), 0 hit(s), 0 error(s), 0 left on base; Chicago 0 - Capital District 0
BOTTOM OF THE 1ST
Capital District Red Knights batting - Pitching for Chicago Hawks : RHP José Guzmán
Pitching: RHP José Guzmán
Batting: SHB Joreăo Canosa 0-0: Ball
1-0: Swinging Strike
1-1: DOUBLE (Line Drive, 5D)
Batting: RHB Danilo Mosca 0-0: Ball
1-0: Ground out 6-3 (Groundball, 56)
Batting: RHB Shawn Hicks 0-0: Called Strike
0-1: Fly out, F6 (Line Drive, 6)
0-1: Lined into DP, 6-4 (Line Drive, 6)
Bottom of the 1st over - 0 run(s), 1 hit(s), 0 error(s), 0 left on base; Chicago 0 - Capital District 0
TOP OF THE 2ND
Chicago Hawks batting - Pitching for Capital District Red Knights : RHP Sexto Rodríguez
Batting: RHB Iván Pérez 0-0: Ball
1-0: Called Strike
1-1: Called Strike
1-2: Foul Ball, location: 2F
1-2: Foul Ball, location: 2F
1-2: Ball
2-2: Ball
3-2: Strikes out swinging
Batting: LHB Bill Griffin 0-0: Foul Ball, location: 2F
0-1: Swinging Strike
0-2: Strikes out swinging
Batting: RHB Akihiko Oike 0-0: Swinging Strike
0-1: Called Strike
0-2: Ball
1-2: Strikes out swinging
Top of the 2nd over - 0 run(s), 0 hit(s), 0 error(s), 0 left on base; Chicago 0 - Capital District 0
BOTTOM OF THE 2ND
Capital District Red Knights batting - Pitching for Chicago Hawks : RHP José Guzmán
Batting: LHB Leonardo López 0-0: Fly out, F9 (Flyball, 9LM)
Batting: RHB Manny Carbajal 0-0: Ball
1-0: Called Strike
1-1: Called Strike
1-2: Ball
2-2: Strikes out swinging
Batting: LHB Arturo Hernández 0-0: Called Strike
0-1: Ball
1-1: Swinging Strike
1-2: Ball
2-2: Foul Ball, location: 2F
2-2: Strikes out looking
Bottom of the 2nd over - 0 run(s), 0 hit(s), 0 error(s), 0 left on base; Chicago 0 - Capital District 0
TOP OF THE 3RD
Chicago Hawks batting - Pitching for Capital District Red Knights : RHP Sexto Rodríguez
Batting: LHB Johnny Hernández 0-0: Called Strike
0-1: Foul Ball, location: 2F
0-2: Strikes out swinging
Batting: LHB Jeff Conklin 0-0: Called Strike
0-1: Ball
1-1: Fly out, F8 (Flyball, 8LD)
Batting: LHB Jeremiah Spencer 0-0: Ball
1-0: Foul Ball, location: 2F
1-1: Ball
2-1: Ground out 6-3 (Groundball, 6)
Top of the 3rd over - 0 run(s), 0 hit(s), 0 error(s), 0 left on base; Chicago 0 - Capital District 0
BOTTOM OF THE 3RD
Capital District Red Knights batting - Pitching for Chicago Hawks : RHP José Guzmán
Batting: RHB Iván Miranda 0-0: Called Strike
0-1: Ball
1-1: Swinging Strike
1-2: Strikes out swinging
Batting: RHB Barry Dempsey 0-0: Ball
1-0: Ball
2-0: Ball
3-0: Base on Balls
Batting: LHB Roberto Marino 0-0: Ball
1-0: Ball
2-0: Called Strike
2-1: Fly out, F6 (Popup, 6D)
Batting: SHB Joreăo Canosa 0-0: Ball
1-0: Called Strike
1-1: Foul Ball, location: 2F
1-2: Strikes out swinging
Bottom of the 3rd over - 0 run(s), 0 hit(s), 0 error(s), 1 left on base; Chicago 0 - Capital District 0
TOP OF THE 4TH
Chicago Hawks batting - Pitching for Capital District Red Knights : RHP Sexto Rodríguez
Batting: RHB Ludwig Kluge 0-0: Ball
1-0: Ground out 4-3 (Groundball, 4)
Batting: SHB Evan Adams 0-0: Fly out, F7 (Flyball, 7M)
Batting: RHB Robbie Roach 0-0: Called Strike
0-1: Ball
1-1: Foul Ball, location: 2F
1-2: Strikes out swinging
Top of the 4th over - 0 run(s), 0 hit(s), 0 error(s), 0 left on base; Chicago 0 - Capital District 0
BOTTOM OF THE 4TH
Capital District Red Knights batting - Pitching for Chicago Hawks : RHP José Guzmán
Batting: RHB Danilo Mosca 0-0: Called Strike
0-1: Ball
1-1: Fly out, F7 (Flyball, 78D)
Batting: RHB Shawn Hicks 0-0: Called Strike
0-1: Ball
1-1: SINGLE (Groundball, 4MD)
Batting: LHB Leonardo López 0-0: Ball
1-0: Called Strike
1-1: Foul Ball, location: 2F
1-2: Ground out 3-1 (Groundball, 34)
Shawn Hicks to second
Batting: RHB Manny Carbajal 0-0: Fly out, F9 (Flyball, 89M)
Bottom of the 4th over - 0 run(s), 1 hit(s), 0 error(s), 1 left on base; Chicago 0 - Capital District 0
TOP OF THE 5TH
Chicago Hawks batting - Pitching for Capital District Red Knights : RHP Sexto Rodríguez
Batting: RHB Iván Pérez 0-0: Ball
1-0: Ball
2-0: Called Strike
2-1: Foul Ball, location: 2F
2-2: Ground out U3 (Groundball, 3L)
Batting: LHB Bill Griffin 0-0: Ball
1-0: Ball
2-0: Called Strike
2-1: Swinging Strike
2-2: Fly out, F7 (Flyball, 7D)
Batting: RHB Akihiko Oike 0-0: Ground out 6-3 (Groundball, 6)
Top of the 5th over - 0 run(s), 0 hit(s), 0 error(s), 0 left on base; Chicago 0 - Capital District 0
BOTTOM OF THE 5TH
Capital District Red Knights batting - Pitching for Chicago Hawks : RHP José Guzmán
Batting: LHB Arturo Hernández 0-0: Ball
1-0: Ball
2-0: Ball
3-0: Called Strike
3-1: Base on Balls
Batting: RHB Iván Miranda 0-0: Called Strike
Arturo Hernández steals 2nd base
0-1: Called Strike
0-2: Strikes out swinging
Batting: RHB Barry Dempsey 0-0: Ball
1-0: Foul Ball, location: 2F
1-1: Called Strike
1-2: Ball
2-2: Ground out 3-1 (Groundball, 3)
Arturo Hernández to third
Batting: LHB Roberto Marino 0-0: DOUBLE (Line Drive, 7LS)
Arturo Hernández scores
Batting: SHB Joreăo Canosa 0-0: Ground out 2-3 (Groundball, 2L)
Bottom of the 5th over - 1 run(s), 1 hit(s), 0 error(s), 1 left on base; Chicago 0 - Capital District 1
TOP OF THE 6TH
Chicago Hawks batting - Pitching for Capital District Red Knights : RHP Sexto Rodríguez
Batting: LHB Johnny Hernández 0-0: Ball
1-0: Foul Ball, location: 2F
1-1: Ground out 4-3 (Groundball, 4)
Batting: LHB Jeff Conklin 0-0: Ball
1-0: Foul Ball, location: 2F
1-1: Swinging Strike
1-2: Foul Ball, location: 2F
1-2: Ground out U3 (Groundball, 3S)
Batting: LHB Jeremiah Spencer 0-0: Foul Ball, location: 2F
0-1: Fly out, F7 (Line Drive, 78D)
Top of the 6th over - 0 run(s), 0 hit(s), 0 error(s), 0 left on base; Chicago 0 - Capital District 1
BOTTOM OF THE 6TH
Capital District Red Knights batting - Pitching for Chicago Hawks : RHP José Guzmán
Batting: RHB Danilo Mosca 0-0: Ball
1-0: Ball
2-0: Foul Ball, location: 2F
2-1: Ground out 4-3 (Groundball, 34)
Batting: RHB Shawn Hicks 0-0: Ball
1-0: Ground out 6-3 (Groundball, 6)
Batting: LHB Leonardo López 0-0: Called Strike
0-1: Fly out, F7 (Line Drive, 78M)
Bottom of the 6th over - 0 run(s), 0 hit(s), 0 error(s), 0 left on base; Chicago 0 - Capital District 1
TOP OF THE 7TH
Chicago Hawks batting - Pitching for Capital District Red Knights : RHP Sexto Rodríguez
Batting: RHB Ludwig Kluge 0-0: Called Strike
0-1: Ball
1-1: Ball
2-1: Foul Ball, location: 2F
2-2: Reached on error, E5 (Groundball, 5)
Batting: SHB Evan Adams 0-0: Ball
1-0: Ball
2-0: Bunted foul
2-1: Called Strike
2-2: Ball
3-2: Foul Ball, location: 2F
3-2: Foul Ball, location: 2F
3-2: Foul Ball, location: 2F
3-2: Fly out, F7 (Flyball, 7M)
3-2: Fly out, F7 (Flyball, 7M)
Batting: RHB Robbie Roach 0-0: Ball
1-0: Called Strike
Balk!
Ludwig Kluge to second
1-1: Ground out 6-3 (Groundball, 6M)
Ludwig Kluge to third
Batting: RHB Iván Pérez 0-0: Ball
1-0: Called Strike
1-1: Called Strike
1-2: Foul Ball, location: 2F
1-2: Strikes out swinging
Top of the 7th over - 0 run(s), 0 hit(s), 1 error(s), 1 left on base; Chicago 0 - Capital District 1
BOTTOM OF THE 7TH
Capital District Red Knights batting - Pitching for Chicago Hawks : RHP José Guzmán
Batting: RHB Manny Carbajal 0-0: Ball
1-0: Ball
2-0: Ball
3-0: Called Strike
3-1: Swinging Strike
3-2: Fly out, F9 (Line Drive, 9M)
Batting: LHB Arturo Hernández 0-0: Ball
1-0: Foul Ball, location: 2F
1-1: Called Strike
1-2: Ground out 6-3 (Groundball, 6)
Batting: RHB Iván Miranda 0-0: Called Strike
0-1: Fly out, F7 (Line Drive, 7M)
Bottom of the 7th over - 0 run(s), 0 hit(s), 0 error(s), 0 left on base; Chicago 0 - Capital District 1
TOP OF THE 8TH
Chicago Hawks batting - Pitching for Capital District Red Knights : RHP Sexto Rodríguez
Batting: LHB Bill Griffin 0-0: Called Strike
0-1: Ball
1-1: Swinging Strike
1-2: Ball
2-2: Fly out, F8 (Flyball, 8RXD)
Batting: RHB Akihiko Oike 0-0: Ball
1-0: Ball
2-0: DOUBLE (Flyball, 9D)
Pitching: RHP Richard Brown
Batting: LHB Johnny Hernández 0-0: Ball
1-0: Ball
2-0: Ball
3-0: Base on Balls
Pitching: LHP Phil Frost
Batting: LHB Jeff Conklin 0-0: Called Strike
0-1: Foul Ball, location: 2F
0-2: Foul Ball, location: 2F
0-2: Ball
1-2: Foul Ball, location: 2F
1-2: Strikes out looking
Pinch Hitting: RHB Carl Carlson 0-0: Ball
1-0: Ball
2-0: Called Strike
2-1: Foul Ball, location: 2F
2-2: Fielders Choice at 2nd, U4 (Groundball, 4M)
Top of the 8th over - 0 run(s), 1 hit(s), 0 error(s), 2 left on base; Chicago 0 - Capital District 1
BOTTOM OF THE 8TH
Capital District Red Knights batting - Pitching for Chicago Hawks : RHP José Guzmán
Now at SS: Soseki Matsunaga
Batting: RHB Barry Dempsey 0-0: Ball
1-0: Ball
2-0: Foul Ball, location: 2F
2-1: Foul Ball, location: 2F
2-2: Ball
3-2: Base on Balls
Batting: LHB Roberto Marino 0-0: Sac Bunt - play at first, batter OUT! 4-3
Barry Dempsey to second
Batting: SHB Joreăo Canosa 0-0: Ground out 1-3 (Groundball, 13)
Barry Dempsey to third
Batting: RHB Danilo Mosca 0-0: Ball
1-0: Ball
2-0: Called Strike
2-1: Foul Ball, location: 2F
2-2: Ball
3-2: Strikes out swinging
Bottom of the 8th over - 0 run(s), 0 hit(s), 0 error(s), 1 left on base; Chicago 0 - Capital District 1
TOP OF THE 9TH
Chicago Hawks batting - Pitching for Capital District Red Knights : LHP Phil Frost
Pitching: RHP César Rivera
Batting: RHB Ludwig Kluge 0-0: Called Strike
0-1: Called Strike
0-2: Fly out, F7 (Flyball, 7M)
Batting: SHB Evan Adams 0-0: Called Strike
0-1: Ball
1-1: Ground out 4-3 (Groundball, 4)
Batting: RHB Robbie Roach 0-0: Ball
1-0: Ball
2-0: Ball
3-0: Base on Balls
Batting: RHB Iván Pérez 0-0: Called Strike
0-1: Ball
1-1: Ball
2-1: Ball
3-1: Base on Balls
Robbie Roach to second
Batting: LHB Bill Griffin 0-0: Ball
1-0: Ball
2-0: Foul Ball, location: 2F
2-1: Fielders Choice at 2nd, U6 (Groundball, 6M)
Top of the 9th over - 0 run(s), 0 hit(s), 0 error(s), 2 left on base; Chicago 0 - Capital District 1
This league is powered by Out of the Park Baseball, the baseball management simulation game for PC, Mac and Linux
Monday, October 3rd, 2016 - OOTP Baseball 16.9 Build 39